Map: Heavy Artillery LE

Players

MrTrader - Winner!

  • Race: Zerg Zerg
  • League: Master
  • Spawn Location: 3:00

Slaughter - Winner!

  • Race: Terran Terran
  • Spawn Location: 1:00

Ekelpack

  • Race: Zerg Zerg
  • Spawn Location: 7:00

Nyck

  • Race: Terran Terran
  • League: Silver
  • Spawn Location: 7:00

VOD

Have the link to the VOD?

Description

Time

  • Played on: Oct. 29, 2024, 3:38 p.m.
  • Length: 8:55
Show
View Real Time Build Order
Export as new Build Order

MrTrader Zerg - Winner!

Build Orders: Hatch First, Zergling Baneling 

Get SALT Encoding   

  12  0:00  Drone  
  13  0:11  Drone  
  14  0:18  Overlord  
  14  0:37  Drone x3  
  17  0:57  Hatchery  
  17  1:01  Drone x2  
  17  1:03  Extractor  
  17  1:17  Spawning Pool  
  17  1:18  Drone  
  17  1:20  Drone  
  18  1:30  Drone  
  19  1:42  Drone  
  20  1:53  Overlord  
  20  2:04  Queen  
  22  2:09  Queen  
  22  2:10  Zergling x4  
  22  2:13  Overlord  
  26  2:19  Metabolic Boost  
  26  2:22  Zergling x2  
  27  2:25  Drone  
  28  2:33  Drone  
  28  2:36  Drone  
  30  2:43  Baneling Nest  
  29  2:50  Drone x2  
  31  2:53  Drone  
  31  2:57  Drone  
  33  3:06  Drone  
  33  3:07  Drone  
  35  3:15  Drone x3, Overlord  
  35  3:19  Drone  
  39  3:20  Drone  
  39  3:23  Hatchery  
  39  3:28  Zergling x6  
  39  3:30  Baneling x2  
  39  3:32  Drone  
  43  3:37  Spine Crawler  
  42  3:43  Queen  
  44  3:52  Zergling x2  
  45  3:56  Lair  
  45  3:57  Drone x2  
  45  3:58  Drone  
  45  3:59  Extractor  
  45  4:02  Spore Crawler  
  46  4:03  Drone  
  46  4:04  Drone  
  48  4:12  Zergling x6  
  48  4:13  Zergling x2  
  52  4:17  Baneling  
  49  4:48  Zergling x6  
  49  4:49  Zergling x12  
  49  4:52  Baneling  
  57  4:53  Overlord x4  
  57  4:54  Baneling x4  
  57  5:04  Extractor  
  57  5:05  Queen, Extractor  
  48  5:40  Queen  
  47  5:49  Spore Crawler  
  43  5:50  Queen  
  43  5:53  Spore Crawler  
  43  5:55  Hydralisk Den  
  43  6:00  Queen  
  43  6:02  Drone x3, Evolution Chamber  
  47  6:04  Evolution Chamber  
  46  6:12  Drone x5  
  46  6:13  Drone x2  
  46  6:16  Queen  
  55  6:24  Zergling x8  
  55  6:25  Queen, Zergling x2  
  60  6:31  Spore Crawler  
  61  6:36  Queen  
  57  6:48  Spore Crawler  
  57  6:52  Pneumatized Carapace  
  50  7:11  Queen  
  50  7:12  Hydralisk x6  
  50  7:13  Hydralisk x3  
  68  7:18  Drone x5  
  68  7:19  Drone x3  
  68  7:20  Drone  
  77  7:25  Hydralisk  
  79  7:36  Grooved Spines  
  79  7:51  Spore Crawler  
  78  7:52  Drone x2  
  78  7:53  Drone  
  79  8:06  Baneling  
  79  8:07  Baneling x6  
  79  8:09  Hydralisk  
  79  8:10  Hydralisk x3  
  87  8:16  Hydralisk  
Show
View Real Time Build Order
Export as new Build Order

Slaughter Terran - Winner!

Build Orders: Reaper Expand 

Get SALT Encoding   

  12  0:00  SCV  
  13  0:12  SCV  
  14  0:19  Supply Depot  
  14  0:24  SCV  
  15  0:40  SCV  
  16  0:43  Barracks  
  16  0:47  Refinery  
  16  0:52  SCV  
  17  1:04  SCV  
  18  1:17  SCV  
  19  1:30  Orbital Command  
  19  1:31  Reaper  
  20  1:41  Command Center  
  20  1:52  Supply Depot  
  20  1:55  SCV  
  21  2:03  Barracks Reactor  
  21  2:08  SCV  
  21  2:14  Barracks  
  22  2:21  SCV  
  23  2:28  Factory  
  23  2:33  SCV  
  24  2:43  Marine x2  
  26  2:45  SCV  
  27  3:01  SCV  
  27  3:03  Orbital Command, Marine x2  
  27  3:04  Barracks Tech Lab  
  30  3:14  SCV, Factory Tech Lab  
  30  3:20  Refinery  
  30  3:21  Marine x2  
  30  3:26  Supply Depot, SCV  
  33  3:28  Marine  
  33  3:32  SCV  
  35  3:36  Refinery  
  35  3:37  Siege Tank  
  35  3:38  SCV  
  35  3:39  Marine  
  40  3:48  SCV  
  40  3:49  Marine x2  
  43  3:56  SCV  
  43  3:57  Marine  
  43  4:00  SCV  
  43  4:01  Refinery  
  46  4:06  Supply Depot  
  46  4:07  Marine x2, Stimpack  
  46  4:08  SCV  
  49  4:15  Marine  
  50  4:17  Siege Tank, SCV  
  54  4:33  Supply Depot  
  54  4:39  SCV x2, Marine  
  54  4:40  Marine x2, Starport  
  59  4:49  Siege Tank  
  62  4:53  Supply Depot  
  62  4:55  SCV x2  
  62  4:57  Marine x2  
  62  4:58  Supply Depot, Marine  
  67  5:04  Engineering Bay  
  69  5:07  SCV x2  
  69  5:17  Marine x2  
  69  5:18  Marine  
  69  5:19  SCV, Starport Reactor  
  69  5:20  Supply Depot  
  73  5:22  SCV  
  74  5:31  SCV  
  74  5:33  Supply Depot  
  74  5:34  Supply Depot, SCV  
  74  5:35  Marine  
  76  5:40  Terran Infantry Weapons Level 1  
  77  5:46  Combat Shield, Siege Tank, Marine x2  
  82  5:53  Missile Turret  
  82  5:55  Missile Turret x2  
  82  5:59  Missile Turret  
  82  6:04  Missile Turret  
  82  6:07  Supply Depot, Marine  
  83  6:11  Medivac  
  83  6:18  Marine, Medivac  
  86  6:19  Marine  
  86  6:25  Siege Tank, Marine  
  92  6:30  Missile Turret  
  92  6:34  SCV x2  
  92  6:38  Supply Depot  
  94  6:42  Supply Depot  
  94  6:43  Marine  
  94  6:44  Marine  
  96  6:49  Marine  
  96  6:50  Medivac  
  99  6:57  Supply Depot  
  99  7:00  Marine  
  99  7:01  Supply Depot  
  100  7:07  Marine x2  
  102  7:15  Siege Tank, Medivac  
  105  7:18  Marine  
  105  7:20  Medivac  
  110  7:25  Marine  
  110  7:28  Marine  
  112  7:36  Marine  
  113  7:43  Marine  
  114  7:45  Liberator  
  114  7:47  Siege Tank  
  98  8:04  Marine x3  
  98  8:19  Siege Tank  
  101  8:21  Marine x2  
Show
View Real Time Build Order
Export as new Build Order

Ekelpack Zerg 

Build Orders: Hatch First 

Get SALT Encoding   

  12  0:00  Drone  
  13  0:12  Overlord  
  13  0:19  Drone  
  14  0:33  Drone  
  15  0:43  Drone  
  15  0:49  Hatchery  
  15  0:52  Drone  
  16  1:08  Spawning Pool  
  16  1:09  Drone  
  16  1:13  Drone  
  16  1:18  Drone, Extractor  
  16  1:23  Drone  
  18  1:34  Drone  
  19  1:44  Drone  
  20  1:55  Drone  
  20  2:00  Queen  
  20  2:01  Queen  
  23  2:04  Drone  
  26  2:10  Overlord  
  26  2:14  Drone  
  27  2:18  Drone  
  28  2:26  Drone, Extractor  
  28  2:33  Drone  
  28  2:42  Drone  
  29  2:52  Lair  
  29  2:53  Metabolic Boost  
  29  2:55  Zergling x2  
  29  2:56  Zergling x4  
  32  3:10  Drone  
  32  3:11  Drone x3, Overlord  
  36  3:15  Extractor  
  35  3:26  Drone  
  36  3:29  Overlord, Extractor  
  36  3:31  Drone x3  
  38  3:42  Drone  
  39  3:52  Spire  
  39  3:54  Drone  
  39  4:07  Drone x3  
  42  4:10  Drone  
  42  4:11  Drone  
  44  4:20  Zergling x12  
  50  4:27  Evolution Chamber  
  50  4:31  Overlord  
  46  4:46  Zergling x6  
  46  4:47  Zergling x4  
  51  4:54  Overlord  
  51  4:57  Zerg Melee Weapons Level 1  
  51  5:05  Mutalisk  
  51  5:06  Mutalisk x3  
  59  5:09  Overlord  
  59  5:13  Zerg Flyer Weapons Level 1  
  59  5:14  Mutalisk  
  52  5:36  Mutalisk x2  
  52  5:37  Mutalisk x2  
  52  5:38  Zergling x8  
  62  5:47  Mutalisk x2  
  66  6:06  Mutalisk  
  66  6:07  Hatchery, Mutalisk x2  
  71  6:17  Overlord x2  
  71  6:39  Mutalisk x3  
  77  6:41  Zergling x6  
  78  7:16  Mutalisk x4  
  78  7:17  Zergling x6  
  78  7:18  Zergling x2  
  90  7:24  Zergling x6  
  93  7:35  Overlord x2  
  45  8:00  Mutalisk x3  
  45  8:01  Zergling x2  
  45  8:02  Zergling x10  
  51  8:13  Zergling x2  
  51  8:14  Zergling x2  
Show
View Real Time Build Order
Export as new Build Order

Nyck Terran 

Build Orders: Liberator Opening 

Get SALT Encoding   

  12  0:00  SCV  
  13  0:12  SCV  
  14  0:19  Supply Depot  
  14  0:25  SCV  
  15  0:37  Refinery  
  15  0:41  SCV  
  16  0:45  Barracks  
  16  0:54  SCV  
  17  1:06  SCV  
  18  1:18  SCV  
  19  1:31  Orbital Command  
  19  1:39  Factory  
  19  1:46  Refinery  
  19  1:58  Barracks Reactor  
  19  2:00  Command Center  
  20  2:01  SCV  
  20  2:15  Supply Depot  
  20  2:16  SCV  
  21  2:30  Starport  
  21  2:33  SCV  
  22  2:43  Hellion x2  
  23  3:01  SCV  
  22  3:17  Hellion  
  22  3:18  Hellion  
  26  3:28  SCV  
  26  3:31  Barracks Tech Lab  
  27  3:40  SCV  
  28  3:49  Liberator  
  28  3:52  Starport  
  28  3:55  Supply Depot  
  31  3:57  Cyclone  
  33  4:04  SCV  
  33  4:06  Orbital Command  
  34  4:16  SCV  
  35  4:28  SCV  
  30  4:50  Hellion x2  
  32  5:08  Factory  
  32  5:09  SCV x2  
  34  5:16  Liberator x2  
  40  5:21  SCV x2  
  40  5:44  SCV x2  
  40  5:46  Marine  
  45  5:52  Widow Mine x2  
  47  5:59  SCV x2  
  47  6:00  Starport  
  47  6:03  Supply Depot  
  47  6:04  Factory Tech Lab  
  49  6:27  SCV x2  
  49  6:32  Marine  
  51  6:36  Cyclone x2  
  51  6:39  SCV x2  
  58  6:50  Marine  
  56  7:20  SCV x2  
  58  7:26  Starport Tech Lab x3  
  58  7:29  Marauder  
  60  7:40  SCV x2, Refinery  
  60  7:42  Refinery  
  62  7:48  Widow Mine  
  62  7:55  Marauder  
  62  8:00  Widow Mine  
  49  8:14  Widow Mine  
  49  8:19  Supply Depot  
  60  8:24  Fusion Core  
Tags
 
Add a new tag
Caveats
  • Supply blocks, unpowered buildings, or Contaminate may cause inaccurate times.
  • Supply counts are checked every 10 seconds.